 Dungeon Crawl Stone Soup version 0.22-a0-824-g1ca9aab89c (console) character file.

776 Lexodia the Ruffian (level 7, -3/71 HPs)
             Began as a Troll Chaos Knight on July 24, 2018.
             Slain by a spatial vortex (15 damage)
             ... summoned by the severe capriciousness of Xom
             ... on level 5 of the Dungeon.
             The game lasted 00:07:03 (3091 turns).

Lexodia the Ruffian (Troll Chaos Knight)            Turns: 3091, Time: 00:07:04

Health: -3/71      AC:  7    Str: 25    XL:     7   Next: 54%
Magic:  6/6        EV: 10    Int: 12    God:    Xom [*.....]
Gold:   281        SH:  0    Dex: 11    Spells: 6/6 levels left

rFire    + + .     SeeInvis .     - Unarmed
rCold    + . .     Gourm    +   (no shield)
rNeg     . . .     Faith    .   a - +2 robe
rPois    +         Spirit   .   (helmet restricted)
rElec    .         Reflect  .   (no cloak)
rCorr    .         Harm     .   (gloves unavailable)
MR       .....                  (boots unavailable)
Stlth    ..........             (no amulet)
HPRegen  1.01/turn              m - ring of attention (curse)
MPRegen  0.10/turn              r - ring of protection from cold (curse)

@: no status effects
A: large, unfitting armour, claws 3, agile 1, clever 2, fire resistance 2, fast
metabolism 3, gourmand, poison resistance, regeneration 2, shaggy fur 1, strong
1, tough skin 2
a: Renounce Religion


You were on level 5 of the Dungeon.
You worshipped Xom.
You were a special plaything of Xom.
You were completely stuffed.

You visited 1 branch of the dungeon, and saw 5 of its levels.

You collected 281 gold pieces.

Inventory:

Armour
 a - a +2 robe (worn)
Jewellery
 m - a cursed ring of attention (left claw)
 r - a cursed ring of protection from cold (right claw)
 u - an uncursed ring of protection from fire {unknown}
 w - a cursed ring of teleportation {unknown}
Wands
 f - a wand of disintegration (15)
 v - a wand of flame (14)
Scrolls
 c - 5 scrolls of identify {unknown}
 g - 2 scrolls of teleportation {unknown}
 i - a scroll of enchant weapon {unknown}
 j - a scroll of enchant armour {unknown}
 n - a scroll of amnesia {unknown}
 p - 3 scrolls of remove curse {unknown}
 q - 3 scrolls of blinking {unknown}
 s - a scroll of fog {unknown}
Potions
 d - a potion of invisibility
 e - 3 potions of curing {unknown}
 h - a potion of brilliance {unknown}
 k - 3 potions of haste {unknown}
 l - a potion of heal wounds {unknown}
 o - a potion of cancellation {unknown}
 t - 2 potions of resistance {unknown}
 x - a potion of berserk rage {unknown}
 z - a potion of agility {unknown}
Comestibles
 b - 18 rations


   Skills:
 + Level 4.6 Fighting
 - Level 2.0 Dodging
 * Level 7.5 Unarmed Combat


You had 6 spell levels left.
You didn't know any spells.
Your spell library was empty.

Dungeon Overview and Level Annotations

Branches:
Dungeon (5/15)
 Temple: D:4-7

Altars:
Dithmenos
Elyvilon
Gozag
Hepliaklqana
Okawaru
Qazlal
Ru
Sif Muna
Trog
Xom

Annotations:
D:5 Grinder


Innate Abilities, Weirdness & Mutations

You are too large for most types of armour.
You have claws for hands.
Your metabolism is lightning-fast.
You like to eat raw meat.
You heal very quickly.
You are covered in fur. (AC +1)
You have very tough skin. (AC +2)
You are agile. (Dex +2)
Your mind is very acute. (Int +4)
Your flesh is very heat resistant. (rF++)
Your system is resistant to poisons. (rPois)
Your muscles are strong. (Str +2)


Message History

Grinder blinks!
Xom's power touches on you.
Space twists in upon itself!
A spatial vortex comes into view.
You mangle the spatial vortex!!
The spatial vortex is heavily damaged.
The spatial vortex barely misses you.
You completely miss the spatial vortex.
The spatial vortex is heavily damaged.
You claw the spatial vortex!
The spatial vortex is heavily damaged.
The spatial vortex hits you!! Space warps horribly around you!
Huge Dmg: -48%(-34hp) hp: 41%(29hp)
You claw the spatial vortex!
The spatial vortex is almost destroyed.
The spatial vortex hits you!!
* * * LOW HITPOINT WARNING * * *
Space warps horribly around you!
You die...
Xom giggles madly!

##
############§#
#.......5v@§§#
#.##########.#
#.# .§#
#.####### ..#
#........ ..#
#######.#######
=.# .....##.#
#># ####.##.#
.# #.##.#


You could see a spatial vortex and Grinder.

Vanquished Creatures
  2 ogres (D:4)
  A centaur (D:3)
  A bullfrog (D:5)
  A howler monkey (D:5)
  A hound (D:5)
  2 jellies (D:4)
  Natasha (thrice) (D:3)
  2 worker ants
  Robin (D:4)
  A worker ant zombie (D:5)
  5 adders
  An ooze (D:4)
  2 worms
  A leopard gecko (D:2)
  15 orcs
  6 giant cockroaches
  17 goblins
  8 hobgoblins
  An iguana (D:4)
  4 jackals (D:4)
  7 kobolds
  A quokka (D:2)
  A ball python (D:2)
  9 bats
  5 frilled lizards
  A quokka skeleton (D:5)
  7 rats
  A bush (D:4)
107 creatures vanquished.

Vanquished Creatures (collateral kills)
  An orc wizard (D:3)
  2 orcs (D:3)
3 creatures vanquished.

Vanquished Creatures (others)
  A quokka (D:5)
1 creature vanquished.

Grand Total: 111 creatures vanquished

Notes
Turn   | Place    | Note
-------+----------+-------------------------------------------
     0 | D:1      | Lexodia the Troll Chaos Knight began the quest for the Orb.
     0 | D:1      | Reached XP level 1. HP: 22/22 MP: 0/0
    69 | D:1      | Huge Dmg: 5 dmg
    82 | D:1      | Reached XP level 2. HP: 27/29 MP: 1/1
   198 | D:1      | XOM: cloud trail
   371 | D:1      | XOM: 3-stop teleportation journey
   595 | D:1      | XOM: give mutations
   595 | D:1      | Gained mutation: Your flesh is heat resistant. (rF+) [Xom's grace]
   595 | D:1      | Gained mutation: Your mind is acute. (Int +2) [Xom's grace]
   595 | D:1      | Gained mutation: Your mind is very acute. (Int +4) [Xom's grace]
   595 | D:1      | Gained mutation: You heal very quickly. [Xom's grace]
   722 | D:2      | Reached XP level 3. HP: 36/36 MP: 2/2
   784 | D:2      | Reached skill level 4 in Unarmed Combat
   786 | D:2      | XOM: polymorph hobgoblin -> bat
  1143 | D:3      | Reached XP level 4. HP: 45/45 MP: 3/3
  1169 | D:3      | Noticed Natasha
  1176 | D:3      | Killed Natasha
  1212 | D:3      | XOM: summons friendly ufetubus
  1262 | D:3      | Noticed Natasha
  1303 | D:3      | Found a sacrificial altar of Ru.
  1311 | D:3      | Found a bloodstained altar of Trog.
  1314 | D:3      | XOM: give mutation
  1314 | D:3      | Gained mutation: You are agile. (Dex +2) [Xom's grace]
  1318 | D:3      | Reached skill level 5 in Unarmed Combat
  1320 | D:3      | Reached XP level 5. HP: 52/53 MP: 4/4
  1399 | D:3      | Found an iron altar of Okawaru.
  1402 | D:3      | Found a hazy altar of Hepliaklqana.
  1402 | D:3      | Found a shadowy altar of Dithmenos.
  1405 | D:3      | Found a white marble altar of Elyvilon.
  1406 | D:3      | Found a deep blue altar of Sif Muna.
  1407 | D:3      | Found a stormy altar of Qazlal.
  1461 | D:3      | XOM: god gift: 7 rations
  1468 | D:3      | XOM: 3-stop teleportation journey
  1499 | D:3      | Killed Natasha
  1506 | D:3      | Noticed a centaur
  1507 | D:3      | Huge Dmg: 13 dmg
  1511 | D:3      | Huge Dmg: 11 dmg
  1513 | D:3      | Huge Dmg: 7 dmg
  1514 | D:3      | Killed a centaur
  1747 | D:3      | XOM: cast spell 'Metabolic Englaciation'
  1755 | D:3      | Noticed Natasha
  1759 | D:3      | Killed Natasha
  1759 | D:3      | Reached XP level 6. HP: 62/62 MP: 5/5
  1821 | D:4      | Reached skill level 6 in Unarmed Combat
  2083 | D:4      | Found a shimmering altar of Xom.
  2256 | D:4      | Noticed Robin
  2264 | D:4      | Killed Robin
  2373 | D:4      | Huge Dmg: 15 dmg
  2441 | D:4      | Found an opulent altar of Gozag.
  2504 | D:4      | XOM: divination: detect creatures
  2508 | D:4      | XOM: enchant monster (good)
  2512 | D:4      | Reached skill level 7 in Unarmed Combat
  2512 | D:4      | Reached XP level 7. HP: 54/71 MP: 6/6
  2515 | D:4      | XOM: give mutations
  2515 | D:4      | Gained mutation: Your flesh is very heat resistant. (rF++) [Xom's grace]
  2515 | D:4      | Gained mutation: Your system is resistant to poisons. (rPois) [Xom's grace]
  2515 | D:4      | Gained mutation: Your muscles are strong. (Str +2) [Xom's grace]
  2622 | D:4      | XOM: cloud trail
  2720 | D:4      | XOM: scenery: create altars
  2950 | D:5      | Entered Level 5 of the Dungeon
  2956 | D:5      | XOM: scenery: create altars
  3079 | D:5      | Noticed Grinder
  3079 | D:5      | Paralysed by Grinder for 7 turns
  3081 | D:5      | XOM: destruction
  3083 | D:5      | XOM: smoke on damage
  3087 | D:5      | XOM: mild Summ miscast
  3088 | D:5      | Noticed a spatial vortex
  3091 | D:5      | Huge Dmg: 34 dmg
  3091 | D:5      | Slain by a spatial vortex

Vault maps used:
D:1:      dpeg_arrival_round_c, corexii_item_surrounded_by_moat,
          minmay_misc_feat_diagonals
D:3:      minitemple, grunt_temple_overflow_open, first_ration, uniq_natasha
D:4:      grunt_gozag_breadcrumbs, serial_forest, infiniplex_forest_clump_long,
          infiniplex_forest_end_double, infiniplex_forest_lined_room_,
          infiniplex_forest_split, infiniplex_forest_clump_tiny,
          infiniplex_forest_clump_curved, infiniplex_forest_end_1,
          dk_xom_monty_hall, uniq_robin
D:5:      fedhas_altar_fruit_tree, serial_shops, kennysheep_little_box,
          basic_altar, elyvilon_altar_4, uniq_blork_the_orc, uniq_grinder

Skill      XL: |  1  2  3  4  5  6 |
---------------+-------------------+-----
Dodging        | 2 |  2.0
Unarmed Combat | 4 5 7 |  7.5
Fighting       | 3 4 |  4.6

Action                   |  1- 3 |  4- 6 |  7- 9 || total
-------------------------+-------+-------+-------++-------
Melee: Unarmed           |   134 |   133 |    64 ||   331
       Punch             |     1 |       |     1 ||     2
 Stab: Petrifying        |       |     1 |       ||     1
  Eat: Chunk             |    15 |    14 |     5 ||    34
Armor: Robe              |    68 |    39 |     6 ||   113
Dodge: Dodged            |    75 |    62 |    16 ||   153

Table legend:
 A = Spawn XP
 B = Non-spawn XP
 C = Spawn XP percentage of total XP
 D = Spawn monster count
 E = Non-spawn monster count
 F = Spawn count percentage of total count
 G = Total turns spent on level
                    A         B        C        D         E        F      G
               +---------+---------+-------+---------+---------+-------+---------
         Total |       0 |    1109 |   0.0 |       0 |     109 |   0.0 |  3091
               +---------+---------+-------+---------+---------+-------+---------
           D:1 |       0 |      35 |   0.0 |       0 |      23 |   0.0 |   704
           D:2 |       0 |      34 |   0.0 |       0 |      18 |   0.0 |   397
           D:3 |       0 |     342 |   0.0 |       0 |      29 |   0.0 |   709
           D:4 |       0 |     458 |   0.0 |       0 |      33 |   0.0 |  1140
           D:5 |       0 |     240 |   0.0 |       0 |       6 |   0.0 |   141
               +---------+---------+-------+---------+---------+-------+---------
